 Dungeon Crawl Stone Soup version 0.23-a0-290-g290e36d (webtiles) character file.

929 Ijustatesigmund the Shield-Bearer (level 8, -7/51 HPs)
             Began as an Octopode Wizard on Oct 3, 2018.
             Killed from afar by Blork the orc (9 damage)
             ... with a magic dart
             ... on level 6 of the Dungeon.
             The game lasted 00:27:28 (13007 turns).

Ijustatesigmund the Shield-Bearer (OpWz)           Turns: 13007, Time: 00:27:29

Health: -7/51      AC:  2    Str:  8    XL:     8   Next: 11%
Magic:  12/12      EV: 13    Int: 25    God:
Gold:   116        SH:  7    Dex: 12    Spells: 7/13 levels left

rFire    . . .     SeeInvis .   s - +0 falchion of Maggorim {distort, rN+ MR+ Str+2 Int+4} (curse)
rCold    . . .     Gourm    .   m - +2 buckler
rNeg     + . .     Faith    .   a - +1 hat
rPois    .         Spirit   .   p - amulet of inaccuracy
rElec    .         Reflect  .   (no ring)
rCorr    .         Harm     .   (no ring)
MR       +....     Rnd*Rage +   (no ring)
Stlth    +++.......             (no ring)
HPRegen  0.17/turn              (no ring)
MPRegen  0.13/turn              (no ring)
                                (no ring)
                                (no ring)

@: hasted, drained, very quick
A: almost no armour, stealthy swim, amphibious, 8 rings, constrict 8, camouflage
1, berserk 1, sense surroundings 1, gelatinous body 1
a: no special abilities


You were on level 6 of the Dungeon.
You were not hungry.

You visited 1 branch of the dungeon, and saw 7 of its levels.

You collected 281 gold pieces.
You spent 165 gold pieces at shops.

Inventory:

Hand Weapons
 f - a +2 dagger of flaming
 n - a +0 falchion of protection
 q - a cursed +0 war axe
 s - the cursed +0 falchion of Maggorim (weapon) {distort, rN+ MR+ Str+2 Int+4}
   (You found it on level 6 of the Dungeon)

   It warps and distorts space around it.
   Unwielding it can cause banishment or high damage.
   It affects your strength (+2).
   It affects your intelligence (+4).
   It protects you from negative energy.
   It affects your resistance to hostile enchantments.
   It has a curse placed upon it.
Missiles
 i - 212 stones (quivered)
Armour
 a - a +1 hat (worn)
 m - a +2 buckler (worn)
Jewellery
 h - an uncursed amulet of the acrobat
 p - an amulet of inaccuracy (around mantle)
Scrolls
 e - a scroll of teleportation
 t - 2 scrolls of identify
Potions
 d - a potion of curing
 k - a potion of heal wounds
 l - a potion of agility {unknown}
 o - a potion of invisibility {unknown}
 r - a potion of berserk rage {unknown}
Comestibles
 c - 10 rations
 j - 2 chunks of flesh


   Skills:
 + Level 2.8 Fighting
 + Level 2.8 Long Blades
   Level 1.7 Slings
 - Level 2.3 Dodging
 - Level 2.6 Stealth
 - Level 5.0 Shields
 - Level 3.0(2.9) Spellcasting
 - Level 3.8 Conjurations
   Level 1.0(0.9) Summonings
 - Level 3.1 Translocations
 - Level 1.0 Fire Magic


You had 7 spell levels left.
You knew the following spells:

 Your Spells              Type           Power        Failure   Level  Hunger
a - Magic Dart            Conj           ###.         1%          1    None
b - Blink                 Tloc           N/A          4%          2    ##.....
c - Conjure Flame         Conj/Fire      ###.....     11%         3    ###....

Your spell library contained the following spells:

 Spells                   Type           Power        Failure   Level  Hunger
 Gell's Gravitas          Tloc           ###.......   9%          3    ###....
 Confusing Touch          Hex            #.....       11%         1    None
 Call Imp                 Summ           #.......     11%         2    ##.....
 Slow                     Hex            #.......     16%         2    ##.....
 Mephitic Cloud           Conj/Pois/Air  ##......     19%         3    ###....
 Confuse                  Hex            #.......     30%         3    ###....
 Petrify                  Tmut/Erth      #.......     71%         4    ####...
 Metabolic Englaciation   Hex/Ice        #.........   96%         5    ######.
 Yara's Violent Unravell  Hex/Tmut       #.........   96%         5    ######.


Dungeon Overview and Level Annotations

Branches:
Dungeon (7/15)
 Temple: D:4-7

Altars:
Makhleb

Shops:
D:4 [

Annotations:
D:4 Edmund
D:6 Blork the orc


Innate Abilities, Weirdness & Mutations

You cannot wear most types of armour.
You are very stealthy in the water. (Stealth+)
You are amphibious.
You can wear up to eight rings at the same time.
You can use your tentacles to constrict eight enemies at once.
Your skin changes colour to match your surroundings (Stealth+).
Your rubbery body absorbs attacks. (AC +1, EV +1)
You tend to lose your temper in combat.
You passively map a small area around you.


Message History

The gnoll sergeant hits you from afar with a trident.
* * * LOW HITPOINT WARNING * * *
Something hits you.
* * * LOW HITPOINT WARNING * * *
x2
As you read the scroll labeled CUPNUDUOVA, it crumbles to dust.
This is a scroll of acquirement! [a] Weapon [b] Armour [c] Jewellery [d] Book [e] Staff [f] Evocable [g] Food [h] Gold (you have $116)
What kind of item would you like to acquire? [\] known items Something appears before you!
Something barely misses you. You block the gnoll sergeant's attack.
Okay, then.
You can't unwield your weapon to draw a new one!
Unknown command.
You feel yourself speed up. Something hits you!
* * * LOW HITPOINT WARNING * * *
x2 You block the gnoll sergeant's attack.
A magic dart appears from out of thin air!
The magic dart hits you!
You die...

.#.# *..,....
#.....# .#.#
....... #.....##
.#.###...###..**
*###......######
.#.......#)#.. ,
...............
.#.###...###..
###....#..#####
.#.# .......
############.##
# .#.#
.(....g##...#
#..#### ...# *
#..{)...#
##.##.. .###
#########.@..#
#..#.. [#
#...[...รท....#
##.#.. .#
#.#.....####.#
#.... '###
#.#.###.# #.#
######... ...##
#.#.# #)# #.#
#........ ....#
#.#.# #.# #.#
#....)..# ....#
#.#.# #.# #.#
#........ ....#
#.#.# #.# #.#
#........ ....#
#.#.# #.# #.#
#.......(


You could see a gnoll sergeant.

Vanquished Creatures
  A centaur (D:6)
  2 bullfrogs (D:6)
  A scorpion (D:5)
  2 wights (D:6)
  2 bullfrog zombies
  An orc priest (D:5)
  4 orc wizards
  A hound (D:6)
  3 iguanas
  A worker ant (D:6)
  Robin (D:4)
  2 adders
  4 gnolls
  A shadow imp (D:6)
  2 oozes (D:4)
  An adder skeleton (D:4)
  5 worms
  4 dart slugs
  7 leopard geckos
  14 orcs
  9 bats
  4 giant cockroaches
  13 hobgoblins
  15 jackals
  3 quokkas
  4 frilled lizards
  A giant cockroach zombie (D:5)
  12 goblins
  5 rats
125 creatures vanquished.

Notes
Turn   | Place    | Note
-------+----------+-------------------------------------------
     0 | D:1      | Ijustatesigmund the Octopode Wizard began the quest for the
                  | Orb.
     0 | D:1      | Reached XP level 1. HP: 11/11 MP: 4/4
   174 | D:1      | Reached XP level 2. HP: 8/17 MP: 4/6
   220 | D:1      | Learned a level 2 spell: Blink
   884 | D:1      | Reached XP level 3. HP: 20/21 MP: 7/7
  3260 | D:3      | Reached XP level 4. HP: 27/27 MP: 5/8
  3726 | D:3      | Noticed Robin
  4123 | D:4      | Killed Robin
  4633 | D:3      | Reached skill level 1 in Slings
  4633 | D:3      | Reached XP level 5. HP: 21/31 MP: 9/9
  4648 | D:3      | HP: 1/31 [orc wizard/magic dart (6)]
  5171 | D:3      | Found a burning altar of Makhleb.
  5280 | D:3      | Learned a level 3 spell: Conjure Flame
  5302 | D:3      | Noticed an ice beast
  5540 | D:3      | Gained mutation: You tend to lose your temper in combat.
                  | [potion of mutation]
  5540 | D:3      | Gained mutation: You passively map a small area around you.
                  | [potion of mutation]
  6392 | D:5      | Entered Level 5 of the Dungeon
  6786 | D:5      | Noticed a centaur
  7111 | D:3      | Reached XP level 6. HP: 27/36 MP: 2/10
  7389 | D:4      | Reached skill level 1 in Fire Magic
  7660 | D:4      | Found Qoth's Armour Boutique.
  7665 | D:4      | Bought a +2 buckler for 165 gold pieces
  8114 | D:4      | Noticed Edmund
  8133 | D:5      | Reached skill level 1 in Shields
  8523 | D:5      | Reached skill level 2 in Shields
  8983 | D:5      | Reached skill level 3 in Shields
 10029 | D:5      | Reached XP level 7. HP: 41/41 MP: 2/11
 10380 | D:6      | Reached skill level 4 in Shields
 11043 | D:7      | Noticed a steam dragon
 11619 | D:6      | Reached skill level 5 in Shields
 11692 | D:6      | Reached skill level 1 in Fighting
 11692 | D:6      | Reached skill level 1 in Long Blades
 12818 | D:6      | Got an encrusted falchion
 12819 | D:6      | Identified the cursed +0 falchion of Maggorim {distort, rN+
                  | MR+ Str+2 Int+4} (You found it on level 6 of the Dungeon)
 12853 | D:6      | Found the +8 demon blade "Bloodbane" {slice, *Rage +Rage
                  | Stlth-}
 12857 | D:6      | Reached XP level 8. HP: 51/51 MP: 12/12
 12983 | D:6      | Noticed Blork the orc
 13005 | D:6      | Identified a scroll of acquirement
 13006 | D:6      | HP: 1/51 [something (3)]
 13007 | D:6      | Killed from afar by Blork the orc

Vault maps used:
D:1:      evilmike_arrival_run_for_it, minmay_misc_feat_five
D:2:      minivault_26
D:3:      lemuel_round_altar, first_ration, uniq_robin
D:4:      serial_shops, shop, uniq_edmund
D:5:      grunt_ministairs_12, cheibrodos_worm_habitat
D:6:      sword_in_stone
D:7:      lemuel_temple_firewalk_b, serial_shops, shop_fountains,
          grunt_ogre_cave

Skill      XL: |  1  2  3  4  5  6  7 |
---------------+----------------------+-----
Conjurations   | 2 3 |  3.8
Translocations | 2 3 |  3.1
Slings         | 1 |  1.7
Fire Magic     | 1 |  1.0
Shields        | 3 5 |  5.0
Fighting       | 2 |  2.8
Long Blades    | 2 |  2.8
Dodging        | |  2.3
Stealth        | |  2.6
Spellcasting   | |  3.0
Summonings     | |  1.0

Action                   |  1- 3 |  4- 6 |  7- 9 || total
-------------------------+-------+-------+-------++-------
Melee: Dagger            |    17 |       |       ||    17
       Unarmed           |     8 |       |       ||     8
       Constrict         |    18 |       |    10 ||    28
       Tentacles         |    11 |       |    11 ||    22
       Spear             |    64 |       |       ||    64
       Falchion          |       |       |    56 ||    56
 Fire: Hunting sling     |     3 |   132 |    10 ||   145
 Cast: Magic Dart        |    58 |   217 |    81 ||   356
       Conjure Flame     |       |    11 |       ||    11
  Use: Scroll            |     9 |     5 |     2 ||    16
       Potion            |       |     4 |     2 ||     6
 Stab: Sleeping          |     4 |       |       ||     4
  Eat: Chunk             |     7 |     7 |     7 ||    21
       Ration            |       |     5 |       ||     5
Armor: Skin              |    11 |    11 |    20 ||    42
Dodge: Dodged            |    65 |    89 |    54 ||   208
Block: Buckler           |       |    17 |    43 ||    60
       Rpst.: Falchion   |       |       |    10 ||    10

Table legend:
 A = Non-vault XP
 B = Vault XP
 C = Vault XP percentage of total XP
 D = Non-vault monster count
 E = Vault monster count
 F = Vault count percentage of total count
                 A         B        C        D         E       F
            +---------+---------+-------+---------+---------+-------
      Total |    1110 |     218 |  16.4 |     109 |      16 |  12.8
            +---------+---------+-------+---------+---------+-------
        D:1 |      50 |       5 |   9.1 |      25 |       1 |   3.8
        D:2 |      24 |       4 |  14.3 |      10 |       2 |  16.7
        D:3 |     184 |      15 |   7.5 |      25 |       8 |  24.2
        D:4 |      88 |      15 |  14.6 |      14 |       1 |   6.7
        D:5 |     223 |      61 |  21.5 |      18 |       2 |  10.0
        D:6 |     541 |     118 |  17.9 |      17 |       2 |  10.5
            +---------+---------+-------+---------+---------+-------
